 Dungeon Crawl Stone Soup version 0.20.1-1-g8b1a95d (webtiles) character file.

182 arttle the Sneak (level 5, -1/26 HPs)
             Began as a Vine Stalker Assassin on Oct 26, 2017.
             Slain by a scorpion (3 damage)
             ... on level 4 of the Dungeon.
             The game lasted 00:09:13 (2281 turns).

arttle the Sneak (Vine Stalker Assassin)            Turns: 2281, Time: 00:09:14

Health: -1/26      AC:  3    Str: 17    XL:     5   Next: 62%
Magic:  0/6        EV: 11    Int: 11    God:
Gold:   149        SH:  0    Dex: 16    Spells: 4/4 levels left

rFire    . . .     SeeInvis .   a - +2 dagger
rCold    . . .     Gourm    .   (no shield)
rNeg     . . .     Faith    .   c - +0 robe
rPois    .         Spirit   +   (no helmet)
rElec    .         Reflect  .   d - +0 cloak
rCorr    .         Harm     .   (no gloves)
MR       .....                  (no boots)
Stlth    +++.......             (no amulet)
Regen    0.5/turn               j - +3 ring of strength
MPRegen  0.1/turn               i - ring of wizardry

@: lethally poisoned (-1 -> -4)
A: fangs 2, regeneration 1, magic shield, antimagic bite, no potion heal 3, rot
immunity
a: no special abilities


You were on level 4 of the Dungeon.
You were not hungry.

You visited 1 branch of the dungeon, and saw 4 of its levels.

You collected 149 gold pieces.

Inventory:

Hand Weapons
 a - a +2 dagger (weapon)
 b - a +0 blowgun
Missiles
 e - 38 poisoned needles
 f - 2 curare-tipped needles
Armour
 c - a +0 robe (worn)
 d - a +0 cloak (worn)
 o - a +0 shield
Jewellery
 i - a ring of wizardry (right hand)
 j - a +3 ring of strength (left hand)
Wands
 s - a wand of polymorph (11/24)
Scrolls
 k - 2 scrolls of teleportation {unknown}
 l - a scroll of remove curse {unknown}
 m - a scroll of identify {unknown}
 q - a scroll of enchant weapon {unknown}
Potions
 n - a potion of lignification {unknown}
 p - a potion of flight
Books
 r - a book of Callings

   Spells                             Type                      Level
   a - Summon Small Mammal            Summoning                    1
   b - Call Imp                       Summoning                    2
   c - Call Canine Familiar           Summoning                    3
   d - Summon Guardian Golem          Hexes/Summoning              3
   e - Summon Lightning Spire         Summoning/Air                4
   f - Summon Ice Beast               Ice/Summoning                4
Comestibles
 g - 2 bread rations
 h - 7 chunks of flesh


   Skills:
 - Level 1.7 Fighting
 * Level 4.0 Short Blades
 - Level 1.7 Throwing
 - Level 0.7 Dodging
 + Level 6.6 Stealth


You had 4 spell levels left.
You didn't know any spells.

Dungeon Overview and Level Annotations

Branches:
Dungeon (4/15)
 Temple: D:4-7

Altars:
Hepliaklqana
Okawaru
Ru
Yredelemnul


Innate Abilities, Weirdness & Mutations

You have extremely sharp teeth.
Your natural rate of healing is unusually fast.
When hurt, damage is shared between your health and your magic reserves.
Your bite disrupts and absorbs the magic of your enemies.
Potions cannot restore your health.
You are immune to rotting.


Message History

You hit the scorpion but do no damage. Your bite misses the scorpion.
The scorpion is severely wounded.
You feel sick.
You completely miss the scorpion.
The scorpion is severely wounded.
* * * LOW HITPOINT WARNING * * *
You feel sick. The scorpion stings you.
* * * LOW HITPOINT WARNING * * *
* * * LOW HITPOINT WARNING * * *
You feel sick.
* * * LOW HITPOINT WARNING * * *
You feel sick.
* * * LOW HITPOINT WARNING * * *
You feel sick.
You hit the scorpion but do no damage.
You bite the scorpion, but do no damage.
The scorpion is severely wounded.
* * * LOW HITPOINT WARNING * * *
You feel sick. The scorpion stings you.
You die...

###.###...#<..........#
#. #................
#.###..##############
#......# #..#...#
##.#...# #.....#
#.....# #..@..#
####..s..# #.......##
#.._...># #._8_....#
#..._..##.# #......# .#
#..##.## .# ##. ..# .#


You could see a scorpion.

Vanquished Creatures
  An orc wizard (D:3)
  Natasha (D:4)
  3 adders
  3 gnolls
  2 oozes
  A dart slug (D:1)
  A leopard gecko (D:2)
  4 orcs
  6 bats
  A giant cockroach (D:4)
  6 goblins
  6 hobgoblins
  5 jackals
  4 kobolds
  A ball python (D:1)
  3 frilled lizards
  A leopard gecko skeleton (D:4)
  11 rats
60 creatures vanquished.

Notes
Turn   | Place    | Note
-------+----------+-------------------------------------------
     0 | D:1      | arttle the Vine Stalker Assassin began the quest for the Orb.
     0 | D:1      | Reached XP level 1. HP: 11/11 MP: 2/2
    28 | D:1      | Reached skill level 5 in Stealth
   127 | D:1      | Reached XP level 2. HP: 14/15 MP: 3/3
   523 | D:1      | Reached XP level 3. HP: 18/18 MP: 4/4
  1093 | D:2      | Reached skill level 6 in Stealth
  1093 | D:2      | Gained mutation: Your natural rate of healing is unusually fast. [Vine Stalker growth]
  1093 | D:2      | Reached XP level 4. HP: 18/23 MP: 5/5
  1852 | D:4      | Noticed Natasha
  1856 | D:4      | Killed Natasha
  1856 | D:4      | Reached XP level 5. HP: 26/26 MP: 6/6
  2258 | D:4      | Found an iron altar of Okawaru.
  2259 | D:4      | Found a hazy altar of Hepliaklqana.
  2259 | D:4      | Found a basalt altar of Yredelemnul.
  2260 | D:4      | Found a sacrificial altar of Ru.
  2281 | D:4      | Slain by a scorpion

Skill      XL: |  1  2  3  4  5 |
---------------+----------------+-----
Stealth        | 5 6 |  6.6
Short Blades   | 2 3 4 |  4.0
Fighting       | |  1.7
Throwing       | |  1.7
Dodging        | |  0.7

Action                   |  1- 3 |  4- 6 || total
-------------------------+-------+-------++-------
Melee: Dagger            |    81 |    96 ||   177
       Bite              |    18 |    32 ||    50
  Use: Potion            |     2 |     3 ||     5
 Stab: Sleeping          |     6 |     6 ||    12
       Distracted        |     1 |       ||     1
  Eat: Chunk             |     1 |     3 ||     4
Armor: Robe              |    18 |    10 ||    28
Dodge: Dodged            |    45 |    40 ||    85
